cohdb
Replays
Latest Replays
All Replays
Popular Replays
Top Player Replays
Match Explorer
How It Works
Community
CoH3 Stats
Reddit
Sign in to upload your games and track your stats! →
Sign in with Steam
Match 41311603
Unlisted
Match 41311603
Overview
Messages
Build Orders
End
Construct Barracks
Riflemen Squad
Riflemen Squad
Selects Armored Battlegroup
Selects Veteran Crews
1⁄4-ton 4x4 Truck
M1 Mortar Team
Infantry Support Center
Riflemen Squad
Construct Medical Station
Construct Motor Pool
M8 Greyhound Armored Car
Engineer Squad
Riflemen Squad
Selects Strength in Steel
Selects Seek and Destroy
M1918 Browning Automatic Rifles
Grenade Package
Selects UNKNOWN (2160077)
Selects M31 Recovery Vehicle
M1 Anti-tank Gun Team
Construct Tank Depot
Construct Weapon Support Center
Riflemen Squad
Selects War Machine
M4A3E8 Sherman Easy Eight
M1 Anti-tank Gun Team
M4A3E8 Sherman Easy Eight
M31 Recovery Vehicle
M1 Anti-tank Gun Team
Riflemen Squad
bigrat
chochomie
Shinkou
Drink||Chouchen
Drink||Belzebuth
(GER) Eric
0
0
Comments
sign in to comment!
No comments posted yet!